 Dungeon Crawl Stone Soup version 0.32-a0-18-g89e19f1974 (webtiles) character file.

Game seed: 8885583728219154952

2825 Hellonello the Martial Artist (level 9, -2/61 HPs)
             Began as an Octopode Shapeshifter on Jan 16, 2024.
             Was a Follower of Qazlal.
             Killed from afar by Maggie (20 damage)
             ... with a bolt of fire
             ... on level 8 of the Dungeon.
             The game lasted 00:13:50 (6626 turns).

Hellonello the Martial Artist (OpSh)                Turns: 6626, Time: 00:13:50

Health: -2/61      AC:  5    Str: 13    XL:     9   Next: 73%
Magic:  9/9        EV: 14    Int: 13    God:    Qazlal [*.....]
Gold:   207        SH:  7    Dex: 15    Spells: 8/8 levels left

rFire   . .          .
                       - Unarmed
rCold   . . .        f - +0 buckler
rNeg    + . .        (helmet currently unavailable)
rPois   .            (no amulet)
rElec   .            g - +4 ring of protection
rCorr   .            i - ring of positive energy
SInv    .            (no ring)
Will    .....        (no ring)
Stlth   ++           (no ring)
HPRegen 0.30/turn    (no ring)
MPRegen 0.11/turn    (no ring)
                     (no ring)

%: no passive effects
@: beast-form
A: beast (slay +2), almost no armour, amphibious, 8 rings, camouflage 1,
gelatinous body 1, (nimble swimmer 1), tentacles
a: Begin Untransformation, Renounce Religion


You were on level 8 of the Dungeon.
You worshipped Qazlal.
Qazlal was aware of your devotion.
You were a hulking beast.
You visited 2 branches of the dungeon, and saw 9 of its levels.

You collected 207 gold pieces.

Inventory:

Armour
 f - a +0 buckler (worn)
Jewellery
 g - a +4 ring of protection (left tentacle)
 i - a ring of positive energy (right tentacle)
 n - an amulet of magic regeneration
 t - a ring of flight
Talismans
 b - a beast talisman
 c - a flux talisman
 r - a maw talisman
Wands
 o - a wand of polymorph (24)
 s - a wand of charming (20)
Scrolls
 d - 5 scrolls of teleportation
 j - a scroll of amnesia
 p - 2 scrolls of fog
 v - a scroll of fear
 y - 2 scrolls of poison
Potions
 a - 3 potions of lignification
 h - 2 potions of haste
 k - a potion of mutation {unknown}
 l - 2 potions of curing
 m - 2 potions of invisibility
 q - a potion of degeneration {unknown}
 u - a potion of enlightenment {unknown}
 w - a potion of brilliance {unknown}
 x - a potion of ambrosia {unknown}
 z - 2 potions of attraction


   Skills:
 - Level 5.0 Fighting
 - Level 5.0 Dodging
 - Level 5.0 Shields
 - Level 10.0 Unarmed Combat
 + Level 4.0 Shapeshifting


You had 8 spell levels left.
You didn't know any spells.
Your spell library contained the following spells:

 Spells                   Type           Power      Damage    Failure   Level
 Apportation              Tloc           0%         N/A       38%         1
 Foxfire                  Conj/Fire      0%         2x1d4     38%         1
 Necrotise                Necr           0%         1d4       38%         1
 Sting                    Conj/Alch      0%         1d3       38%         1
 Summon Small Mammal      Summ           0%         N/A       38%         1
 Ensorcelled Hibernation  Hex/Ice        0%         N/A       52%         2
 Fugue of the Fallen      Necr           0%         N/A       77%         3
 Ozocubu's Armour         Ice            0%         N/A       77%         3
 Passwall                 Erth           0%         N/A       77%         3
 Swiftness                Air            0%         N/A       77%         3
 Animate Dead             Necr           0%         N/A       99%         4
 Manifold Assault         Tloc           0%         N/A       99%         4
 Plasma Beam              Fire/Air       0%         2x1d10    100%        6
 Starburst                Conj/Fire      0%         6d3       100%        6
 Haunt                    Necr/Summ      0%         N/A       100%        7
 Infestation              Necr           0%         N/A       100%        8


Dungeon Overview and Level Annotations

Branches:
Dungeon (8/15)             Temple (1/1) D:7
   Lair: D:8-11

Altars:
Ashenzari
Cheibriados
Dithmenos
Elyvilon
Fedhas
Gozag
Hepliaklqana
Kikubaaqudgha
Makhleb
Nemelex Xobeh
Okawaru
Qazlal
Ru
Sif Muna
Trog
Uskayaw
Vehumet
Wu Jian
Xom
Yredelemnul
Zin
The Shining One

Shops:
D:2 [   D:8 :*

Annotations:
D:6 2 transporters, Dazliare's ghost, novice OpHu
D:8 Maggie


Innate Abilities, Weirdness & Mutations

You are a hulking beast.
Your limbs bulge with bestial killing power. (Slay +2)
You cannot wear most types of armour.
You are amphibious.
You can wear up to eight rings at the same time.
Your skin changes colour to match your surroundings (Stealth+).
Your rubbery body absorbs attacks. (AC +1, EV +1)
((You are camouflaged when in or above water. (Stealth+)))
You have tentacles for arms and can constrict up to eight enemies at once.


Message History

You constrict the orc priest. The orc priest barely misses you.
You bludgeon the orc priest! You squeeze the orc priest.
You kill the orc priest!
Qazlal accepts your kill.
Your Shapeshifting skill increases to level 4!
Items here: )) ††.
The orc shouts!
You hear a shout!
You bludgeon the orc!
You kill the orc!
Qazlal accepts your kill.
Things that are here:
a +0 hand axe; a +0 ring mail Maggie shouts!
Maggie hits you with a +2 morningstar of pain!
You bludgeon Maggie! You grab Maggie. You squeeze Maggie.
Maggie is moderately wounded.
You constrict Maggie.
Maggie points at you and mumbles some strange words.
The bolt of fire hits you!!
You tentacle-slap Maggie. You squeeze Maggie.
Maggie is heavily wounded.
You constrict Maggie.
Maggie hits you with a +2 morningstar of pain!
You writhe in agony.
You bludgeon Maggie! You squeeze Maggie.
Maggie is severely wounded.
You constrict Maggie, but do no damage.
Maggie hits you with a +2 morningstar of pain!
* * * LOW HITPOINT WARNING * * *
Okay, then.
You release your grip on Maggie.
Maggie casts a spell.
Maggie attempts to bespell you!
You are mesmerised by Maggie!
You are no longer entranced.
Maggie mumbles some strange words.
Maggie attempts to bespell you! You resist.
Maggie gestures at you while chanting. The bolt of fire hits you!!
You die...

#.#)# #.... ..# # #...#
.... ..###. ###...# #
###..##.... ......###.
#........# .
......<##.###.###..@.##....
.∩......#..........§.......
.....##.##.###.#.).##......
.)..##...##..#.#...# ....#
...##.....##...)h#.# ...#
...#.......#<)##.#.# ..#
......._(.....##.#.# .#
..~#.......#...>...# #
...##.....##########
##.###...## #...##.##
###....# ######


You could see Maggie.

Vanquished Creatures
  A gargoyle (D:6)
  Sigmund (D:3)
  3 yaks (D:7)
  A wyvern (D:7)
  A water moccasin (D:7)
  Pargi (D:4)
  A black bear (D:6)
  A phantom (D:3)
  2 kobold brigands (D:7)
  2 bullfrogs (D:7)
  4 scorpions
  3 wights
  5 killer bees (D:7)
  A jelly (D:7)
  2 hounds
  A bombardier beetle (D:5)
  2 orc priests (D:8)
  Natasha (thrice) (D:3)
  A sleepcap (D:6)
  2 iguanas (D:5)
  An orc wizard (D:3)
  4 gnolls (D:7)
  8 adders
  A white imp (D:6)
  2 ufetubi (D:6)
  3 dart slugs
  11 orcs
  3 ball pythons
  6 bats
  4 endoplasms
  4 giant cockroaches
  6 goblins
  8 hobgoblins
  14 kobolds
  3 quokkas
  2 frilled lizards (D:2)
  7 rats
125 creatures vanquished.

Notes
Turn   | Place    | Note
-------+----------+-------------------------------------------
     0 | D:1      | Hellonello the Octopode Shapeshifter began the quest for
                  | the Orb.
     0 | D:1      | Reached XP level 1. HP: 13/13 MP: 1/1
   168 | D:1      | Reached XP level 2. HP: 14/18 MP: 2/2
   435 | D:1      | Reached skill level 4 in Unarmed Combat
   485 | D:1      | Reached XP level 3. HP: 23/23 MP: 3/3
  1350 | D:2      | Found an ornate altar of the Wu Jian Council.
  1495 | D:2      | Found Elamp's Antique Armour Boutique.
  1663 | D:3      | Reached XP level 4. HP: 28/28 MP: 4/4
  1680 | D:3      | Reached skill level 5 in Unarmed Combat
  1966 | D:3      | Found a radiant altar of Vehumet.
  2011 | D:3      | Reached XP level 5. HP: 33/33 MP: 5/5
  2057 | D:3      | Noticed Natasha
  2062 | D:3      | Killed Natasha
  2105 | D:3      | Noticed Sigmund
  2118 | D:3      | Killed Sigmund
  2119 | D:3      | Reached skill level 7 in Unarmed Combat
  2119 | D:3      | Reached XP level 6. HP: 32/38 MP: 6/6
  2558 | D:3      | Noticed Natasha
  2562 | D:3      | Killed Natasha
  2642 | D:3      | Noticed Natasha
  2650 | D:3      | Killed Natasha
  2651 | D:3      | Reached XP level 7. HP: 41/43 MP: 7/7
  3096 | D:4      | Reached skill level 8 in Unarmed Combat
  3208 | D:4      | Noticed Pargi
  3221 | D:4      | Killed Pargi
  3516 | D:5      | Entered Level 5 of the Dungeon
  3634 | D:5      | Reached skill level 9 in Unarmed Combat
  3711 | D:5      | Found a faded altar of an unknown god.
  3711 | D:5      | Found a broken altar of Ashenzari.
  3718 | D:5      | Found a white marble altar of Elyvilon.
  3720 | D:5      | Found a faded altar of an unknown god.
  3722 | D:5      | Found a basalt altar of Yredelemnul.
  3922 | D:5      | Reached XP level 8. HP: 26/48 MP: 8/8
  4231 | D:6      | Found a transporter.
  4235 | D:6      | Noticed Dazliare's ghost (novice OpHu)
  4282 | D:6      | Found a transporter.
  4826 | D:7      | Reached skill level 10 in Unarmed Combat
  4918 | D:7      | Noticed a gargoyle
  5112 | D:6      | Killed a gargoyle
  5341 | D:7      | Found a staircase to the Ecumenical Temple.
  5406 | Temple   | Entered the Ecumenical Temple
  5414 | Temple   | Became a worshipper of Qazlal Stormbringer
  5576 | D:7      | Noticed a yak
  5577 | D:7      | Noticed a yak
  5579 | D:7      | Noticed a yak
  5589 | D:7      | Killed a yak
  5591 | D:7      | Killed a yak
  5592 | D:7      | Reached XP level 9. HP: 57/57 MP: 9/9
  5969 | D:7      | Reached skill level 5 in Dodging
  6127 | D:7      | Reached skill level 5 in Fighting
  6167 | D:7      | Reached skill level 5 in Shields
  6309 | D:7      | Found a glowing golden altar of the Shining One.
  6453 | D:8      | Found an ancient bone altar of Kikubaaqudgha.
  6462 | D:8      | Found Yskec's Assorted Antiques.
  6467 | D:8      | Found Liesar's Book Emporium.
  6486 | D:7      | Reached * piety under Qazlal
  6597 | D:8      | Noticed Maggie
  6626 | D:8      | Killed from afar by Maggie

Illustrated notes

Levels and vault maps discovered:
D:1:      saegor_arrival_simple_c, layout_loops_corners,
          hangedman_abyss_or_decor_lesser_grid
D:2:      layout_loops_cross, serial_shops, nicolae_shop_real_fake_doors,
          basic_altar, minmay_fractal_squares_gapless_5
D:3:      layout_loops_ring, lemuel_round_altar, solitary_fountain,
          nicolae_concentric_dashed_squares_wild, serial_bayou_pond_e,
          corner_web_ring, kennysheep_path_1, uniq_sigmund, uniq_natasha
D:4:      layout_layer_cave, uniq_pargi
D:5:      layout_basic, chequers_temple_overflow_minitemple,
          kennysheep_generic_room_13
D:6:      layout_cave_pools, gammafunk_ghost_arena, minmay_misc_feat_plants
D:7:      layout_loops_corners, mainiacjoe_overflow_chevrons,
          minmay_temple_entry_grid
D:8:      layout_basic, lemuel_round_altar, serial_shops, shop,
          nicolae_shop_behind_doors, shop, nicolae_shop_trees, shop,
          uniq_amaemon, uniq_maggie
Temple:   compressed_dpeg_triangle_lava_temple

Skill      XL: |  1  2  3  4  5  6  7  8  9 |
---------------+----------------------------+-----
Unarmed Combat | 4 5 7 9 10 | 10.0
Fighting       | 3 5 |  5.0
Dodging        | 4 5 |  5.0
Shields        | 3 5 |  5.0
Shapeshifting  | 4 |  4.0

Action                     |  1- 3 |  4- 6 |  7- 9 || total
---------------------------+-------+-------+-------++-------
  Melee: Unarmed           |    69 |    57 |   180 ||   306
         Constrict         |    17 |    10 |    37 ||    64
         Tentacles         |     7 |     9 |    50 ||    66
         Punch             |     3 |     2 |    13 ||    18
    Use: Scroll            |     7 |       |     6 ||    13
         Potion            |       |       |     6 ||     6
   Stab: Sleeping          |     7 |     4 |     8 ||    19
         Invisible         |       |       |     1 ||     1
 Armour: Skin              |    30 |    23 |    89 ||   142
  Dodge: Dodged            |    35 |    24 |    76 ||   135
  Block: Buckler           |     3 |     7 |    35 ||    45

Table legend: (Time is in decaauts)
 A = Elapsed time spent in this place.
 B = Non-inter-level travel time spent in this place.
 C = Inter-level travel time spent in this place.
 D = Time resting spent in this place.
 E = Time spent auto-exploring this place.
 F = Levels seen in this place.
 G = Mean time per level.
                   A        B        C        D        E       F      G
               +--------+--------+--------+--------+--------+-----+--------+
         Total |   6586 |   6287 |    299 |   1020 |   4115 |   9 |  731.8 |
       Dungeon |   6569 |   6270 |    299 |   1020 |   4115 |   8 |  821.1 |
        Temple |     16 |     16 |      0 |      0 |      0 |   1 |   16.0 |
               +--------+--------+--------+--------+--------+-----+--------+

Top non-repeatable levels by time:
     D:7: 1385 daAuts
     D:3: 1225 daAuts
     D:1: 918 daAuts
     D:6: 865 daAuts
     D:5: 711 daAuts
     D:4: 687 daAuts
     D:2: 678 daAuts
     D:8: 98 daAuts
  Temple: 16 daAuts
